 Dungeon Crawl Stone Soup version 0.28-a0-925-gd5e1996cdb (webtiles) character file.

Game seed: 5301115197813085384

305 EnegeticOcto the Slasher (level 6, -4/47 HPs)
             Began as a Mummy Cinder Acolyte on Nov 26, 2021.
             Was an Elder of Ignis.
             Slain by an ogre (6 damage)
             ... on level 4 of the Dungeon.
             The game lasted 00:04:17 (3931 turns).

EnegeticOcto the Slasher (Mummy Cinder Acolyte)     Turns: 3931, Time: 00:04:18

Health: -4/47      AC: 18    Str: 17    XL:     6   Next: 15%
Magic:  8/8        EV:  3    Int: 14    God:    Ignis [****..]
Gold:   138        SH:  2    Dex:  9    Spells: 7/7 levels left

rFire   . . .      SeeInvis .   a - +0 falchion (flame)
rCold   + . .      Faith    .   h - +0 buckler
rNeg    + + +      Spirit   .   j - +0 plate armour
rPois   ∞          Reflect  .   g - +0 helmet
rElec   .          Harm     .   (no cloak)
rCorr   .          Rampage  .   (no gloves)
Will    .....                   (no boots)
Stlth   ..........              (no amulet)
HPRegen 0.15/turn               l - ring of wizardry
MPRegen 0.11/turn               (no ring)

@: fiery-armoured
A: cold resistance 1, negative energy resistance 3, torment resistance 2, heat
vulnerability 1, no potions
a: Renounce Religion, Fiery Armour, Foxfire Swarm, Rising Flame


You were on level 4 of the Dungeon.
You worshipped Ignis.
Ignis was greatly pleased with you.
You visited 1 branch of the dungeon, and saw 4 of its levels.

You collected 138 gold pieces.

Inventory:

Hand Weapons
 a - a +0 falchion of flaming (weapon)
Armour
 b - a +0 robe
 c - a +0 ring mail
   (You found it on level 1 of the Dungeon)
 g - a +0 helmet (worn)
   (You took it off Robin on level 2 of the Dungeon)
 h - a +0 buckler (worn)
   (You found it on level 2 of the Dungeon)
 j - a +0 plate armour (worn)
   (You found it on level 3 of the Dungeon)
Jewellery
 l - a ring of wizardry (left hand)
   (You found it on level 3 of the Dungeon)
Scrolls
 d - a scroll of teleportation {@r3 !r}
 e - a scroll of fog {!r}
 f - a scroll of enchant weapon
 i - a scroll of summoning
 k - a scroll of identify {@r1}
 m - a scroll of enchant armour {unknown}


   Skills:
 - Level 3.0 Fighting
 * Level 5.8 Long Blades
 - Level 1.3 Spellcasting
 - Level 2.4 Fire Magic


You had 7 spell levels left.
You didn't know any spells.
Your spell library contained the following spells:

 Spells                   Type           Power      Damage    Failure   Level
 Scorch                   Fire           14%        2d6       99%         2
 Magic Dart               Conj           0%         1d3       100%        1
 Slow                     Hex            0%         N/A       100%        1
 Call Imp                 Summ           0%         N/A       100%        2
 Confusing Touch          Hex            0%         N/A       100%        3
 Mephitic Cloud           Conj/Pois/Air  0%         N/A       100%        3
 Vampiric Draining        Necr           0%         2d6       100%        3
 Alistair's Intoxication  Tmut/Pois      0%         N/A       100%        5
 Borgnjor's Vile Clutch   Necr/Erth      0%         N/A       100%        5
 Eringya's Noxious Bog    Tmut/Pois      0%         N/A       100%        6


Dungeon Overview and Level Annotations

Branches:
Dungeon (4/15)
 Temple: D:4-7

Altars:
Dithmenos
Makhleb
Okawaru
Ru
Vehumet


Innate Abilities, Weirdness & Mutations

You are immune to poison.
Your flesh is cold resistant. (rC+)
You are immune to negative energy. (rN+++)
You are immune to unholy pain and torment.
You are vulnerable to heat. (rF-)
You do not drink.


Message History

You hit something. You burn something.
An orc comes into view. It is wielding a +0 falchion.
Something hits you but does no damage.
You miss something. Something hits you.
You closely miss something. Something hits you but does no damage.
You closely miss the orc. The orc hits you with a +0 falchion.
You completely miss the orc. The orc hits you with a +0 falchion.
You hit the orc. You burn the orc.
You kill the orc!
You hit something. You burn something.
Reactivating autopickup.
You feel a bit more experienced.
The orc throws a boomerang.
The boomerang hits you but does no damage.
The orc barely misses you.
Items here: )) [ †.
You slash the orc! You burn the orc.
You kill the orc!
You hit the orc but do no damage. The orc hits you with a +0 falchion.
You hit the orc. You burn the orc.
The orc is severely wounded.
The orc hits you but does no damage.
You barely miss the orc.
The orc is severely wounded.
The orc hits you but does no damage.
You hit the orc but do no damage.
The orc is severely wounded.
The orc hits you with a +0 falchion.
You closely miss the orc.
The orc is severely wounded.
The orc hits you but does no damage.
You closely miss the orc.
The orc is severely wounded.
The orc barely misses you.
You hit the orc. You burn the orc.
You kill the orc!
No target in view!
No target in view!
No target in view!
No target in view!
No target in view!
No target in view!
No target in view!
No target in view!
No target in view!
No target in view!
No target in view!
Items here: ( )) [.
Items here: ( )) [.
Items here: )) [ †.
You see here a +0 hand axe.
You open the door.
There is an open door here.
Found a robe.
A hound and an ogre come into view.
The hound barks!
The ogre shouts!
A protective cloak of flame settles atop you.
You hit the ogre. You burn the ogre.
The ogre is moderately wounded.
You block the ogre's attack.
You hit the ogre. You burn the ogre.
The ogre is moderately wounded.
The ogre hits you with a +0 giant club!
The ogre is burned by your cloak of flames.
The ogre is heavily wounded.
You are too injured to fight recklessly!
You are too injured to fight recklessly!
You are too injured to fight recklessly!
You are too injured to fight recklessly!
You are too injured to fight recklessly!
You are too injured to fight recklessly!
You are too injured to fight recklessly!
You are too injured to fight recklessly!
You are too injured to fight recklessly!
You are too injured to fight recklessly!
You are too injured to fight recklessly!
You are too injured to fight recklessly!
You are too injured to fight recklessly!
You are too injured to fight recklessly!
You are too injured to fight recklessly!
You are too injured to fight recklessly!
You hit the ogre. You burn the ogre.
The ogre is severely wounded.
A ball python comes into view.
You completely miss the ogre.
The ogre is severely wounded.
The ball python hisses angrily.
The ogre hits you with a +0 giant club!!
* * * LOW HITPOINT WARNING * * *
The ogre is burned by your cloak of flames.
The ogre is severely wounded.
You barely miss the ogre.
The ogre is severely wounded.
The ogre hits you with a +0 giant club!
* * * LOW HITPOINT WARNING * * *
The ogre is burned by your cloak of flames.
The ogre is almost dead.
You barely miss the ogre.
The ogre is almost dead.
The ogre hits you with a +0 giant club.
You die...

#...)))...###'###.##
#.##.#
#.#.###...........#
#.##.# #.#.#
#.########.## #.##.#
#.#.# #.# #.# #....#
#.#.# #.# #.# #.#...
..#.# #.# #.# #.#..#
###.# #.# #.# #.#..#
###.# #.# #.# .....
... #@# ##
#..ShO........
#....########.# ....
#.. ##


You could see an ogre, a hound and a ball python.

Vanquished Creatures
  A scorpion (D:2)
  Natasha (D:2)
  An orc wizard (D:4)
  Robin (D:2)
  7 adders
  3 dart slugs
  A worm (D:4)
  6 orcs
  10 endoplasms
  2 giant cockroaches
  17 goblins
  8 hobgoblins
  9 jackals
  5 quokkas
  8 ball pythons
  9 bats
  3 frilled lizards
  4 kobolds
  6 rats
102 creatures vanquished.

Vanquished Creatures (others)
  5 toadstools (D:1)
5 creatures vanquished.

Grand Total: 107 creatures vanquished

Notes
Turn   | Place    | Note
-------+----------+-------------------------------------------
     0 | D:1      | EnegeticOcto the Mummy Cinder Acolyte began the quest for
                  | the Orb.
     0 | D:1      | Reached XP level 1. HP: 18/18 MP: 2/2
   320 | D:1      | Reached skill level 3 in Long Blades
   320 | D:1      | Reached XP level 2. HP: 20/24 MP: 4/4
   746 | D:2      | Reached XP level 3. HP: 29/29 MP: 5/5
   962 | D:2      | Noticed a scorpion
   972 | D:2      | Killed a scorpion
   973 | D:2      | Reached skill level 4 in Long Blades
   973 | D:2      | Reached XP level 4. HP: 11/35 MP: 6/6
  1067 | D:2      | Noticed Robin
  1089 | D:2      | Killed Robin
  1402 | D:2      | Reached XP level 5. HP: 39/41 MP: 7/7
  1594 | D:2      | Noticed Natasha
  1608 | D:2      | Killed Natasha
  1609 | D:2      | Reached skill level 5 in Long Blades
  1850 | D:2      | Found a faded altar of an unknown god.
  2338 | D:3      | Found a burning altar of Makhleb.
  2704 | D:3      | Found a shadowy altar of Dithmenos.
  2739 | D:3      | Found an iron altar of Okawaru.
  3144 | D:4      | Found a radiant altar of Vehumet.
  3176 | D:4      | Noticed an ogre
  3350 | D:4      | Noticed an ogre
  3631 | D:4      | Reached XP level 6. HP: 37/47 MP: 8/8
  3812 | D:4      | Found a sacrificial altar of Ru.
  3930 | D:4      | HP: 1/47 [ogre (13)]
  3931 | D:4      | Slain by an ogre

Illustrated notes

Levels and vault maps discovered:
D:1:      ldierk_walled_garden, layout_rooms, minmay_misc_feat_columns
D:2:      layout_loops_ring, shapermc_ecumenical_altar_pompeii, minivault_5,
          uniq_natasha, uniq_robin
D:3:      layout_loops_corners, kennysheep_okawaru_gauntlet,
          mainiacjoe_overflow_chevrons, lemuel_tele_altar, chequers_mini_garden
D:4:      layout_loops_ring, old_standard_altar,
          beargit_hepliaklqana_dungeon_heroes, lemuel_doored_altar,
          grunt_decor_fettered

Skill      XL: |  1  2  3  4  5 |
---------------+----------------+-----
Long Blades    | 3 4 5 |  5.8
Fighting       | |  3.0
Spellcasting   | |  1.3
Fire Magic     | |  2.4

Action                   |  1- 3 |  4- 6 || total
-------------------------+-------+-------++-------
Melee: Falchion          |   108 |   238 ||   346
Invok: Fiery Armour      |     1 |     2 ||     3
  Use: Scroll            |     1 |     3 ||     4
Armor: Ring mail         |    43 |    49 ||    92
       Robe              |     6 |       ||     6
       Plate armour      |       |    92 ||    92
Dodge: Dodged            |    74 |    82 ||   156
Block: Buckler           |       |    12 ||    12

Table legend: (Time is in decaauts)
 A = Elapsed time spent in this place.
 B = Non-inter-level travel time spent in this place.
 C = Inter-level travel time spent in this place.
 D = Time resting spent in this place.
 E = Time spent auto-exploring this place.
 F = Levels seen in this place.
 G = Mean time per level.
                   A        B        C        D        E       F      G
               +--------+--------+--------+--------+--------+-----+--------+
         Total |   3972 |   3832 |    140 |     13 |   3060 |   4 |  993.0 |
       Dungeon |   3972 |   3832 |    140 |     13 |   3060 |   4 |  993.0 |
               +--------+--------+--------+--------+--------+-----+--------+

Top non-repeatable levels by time:
     D:2: 1403 daAuts
     D:3: 1165 daAuts
     D:4: 790 daAuts
     D:1: 613 daAuts
